 Dungeon Crawl Stone Soup version 0.29.1-13-g9f3cf754e1 (webtiles) character file.

Game seed: 2758258934777592690

20544 Heoruswealwe the Impaler (level 12, -2/106 HPs)
             Began as a Minotaur Fighter on Feb 2, 2023.
             Was a High Priest of Cheibriados.
             Slain by a 12-headed hydra (8 damage)
             ... on level 2 of the Lair of Beasts on Feb 3, 2023.
             The game lasted 02:59:25 (14369 turns).

Heoruswealwe the Impaler (Minotaur Fighter)        Turns: 14369, Time: 02:59:25

Health: -2/106     AC: 33    Str: 37    XL:     12   Next: 46%
Magic:  25/25      EV:  9    Int: 27    God:    Cheibriados [*****.]
Gold:   776        SH:  0    Dex: 28    Spells: 11/11 levels left

rFire   . . .      SeeInvis .   z - +3 glaive (vamp)
rCold   . . .      Faith    .   (shield currently unavailable)
rNeg    . . .      Spirit   .   j - +11 crystal plate armour of Resourcefulness {*Corrode MP+9 Int+5}
rPois   +          Reflect  .   e - +2 hat
rElec   +          Harm     .   I - +1 cloak
rCorr   .          Rampage  .   (no gloves)
Will    .....                   W - +2 pair of boots
Stlth   ..........              (no amulet)
HPRegen 1.07/turn               x - ring of poison resistance
MPRegen 0.19/turn               S - ring of flight

@: corroded, flying, very slow
A: horns 2, retaliatory headbutt, agile 1, clever 1, regeneration 1, electricity
resistance
a: Renounce Religion, Bend Time, Temporal Distortion, Slouch, Step From Time


You were on level 2 of the Lair of Beasts.
You worshipped Cheibriados.
Cheibriados was extremely pleased with you.
You visited 3 branches of the dungeon, and saw 14 of its levels.

You collected 776 gold pieces.

Inventory:

Hand Weapons
 c - a +4 scimitar of flaming
 m - a +0 trident
 o - a +0 short sword
 y - a +0 dagger
 z - a +3 vampiric glaive (weapon)
Missiles
 p - 6 stones
Armour
 e - a +2 hat (worn)
 f - a +0 robe
 j - the +11 crystal plate armour of Resourcefulness (worn) {*Corrode MP+9 Int+5}
   (You acquired it on level 4 of the Dungeon)

   Int:       It affects your intelligence (+5).
   MP:        It affects your magic capacity (+9).
   *Corrode:  It may corrode you when you take damage.
 r - a +0 helmet
 w - a +0 leather armour
 I - a +1 cloak (worn)
 W - a +2 pair of boots (worn)
Jewellery
 b - a ring of positive energy
 x - a ring of poison resistance (left hand)
 G - a ring of fire
 S - a ring of flight (right hand)
Wands
 k - a wand of flame (19)
 A - a wand of digging (3)
 F - a wand of charming (28)
 M - a wand of acid (5)
 Y - a wand of roots (7)
Scrolls
 h - a scroll of summoning
 s - a scroll of fear
 E - a scroll of torment
 H - a scroll of identify
 R - 3 scrolls of teleportation
 U - 4 scrolls of poison
Potions
 a - a potion of invisibility
 d - 5 potions of might
 g - a potion of ambrosia
 i - a potion of mutation
 l - a potion of cancellation
 q - a potion of degeneration
 t - 4 potions of lignification
 u - a potion of curing
 v - a potion of brilliance
 B - 2 potions of haste
 C - 2 potions of magic
 J - a potion of resistance
 N - a potion of heal wounds
 V - a potion of attraction
Miscellaneous
 n - a lightning rod (4/4)
 D - a lightning rod (4/4)


   Skills:
 + Level 10.2 Fighting
 + Level 15.7 Polearms
 + Level 13.6 Armour
 + Level 2.5 Dodging
 + Level 1.8 Stealth
 + Level 4.5 Shields
 * Level 7.7 Invocations
 + Level 0.8 Evocations


You had 11 spell levels left.
You didn't know any spells.
Your spell library contained the following spells:

 Spells                   Type           Power      Damage    Failure   Level
 Apportation              Tloc           0%         N/A       78%         1
 Necrotise                Necr           0%         1d4       78%         1
 Slow                     Hex            0%         N/A       78%         1
 Summon Small Mammal      Summ           0%         N/A       78%         1
 Poisonous Vapours        Pois/Air       0%         N/A       89%         2
 Confusing Touch          Hex            0%         N/A       98%         3
 Frozen Ramparts          Ice            0%         1d1       98%         3
 Gell's Gravitas          Tloc           0%         N/A       98%         3
 Teleport Other           Tloc           0%         N/A       98%         3
 Vampiric Draining        Necr           0%         2d6       98%         3
 Corpse Rot               Necr/Pois/Air  0%         N/A       100%        4
 Ice Form                 Ice/Tmut       0%         N/A       100%        4
 Summon Ice Beast         Ice/Summ       0%         N/A       100%        4
 Dispersal                Tloc           0%         N/A       100%        6


Dungeon Overview and Level Annotations

Branches:
Dungeon (11/15)            Temple (1/1) D:4            Lair (2/5) D:10
  Snake (0/4) Lair:2
  Swamp: Lair:2-3    Shoals: Lair:2-3       Orc: D:9-12

Altars:
Ashenzari
Cheibriados
Dithmenos
Elyvilon
Fedhas
Gozag
Hepliaklqana
Kikubaaqudgha
Makhleb
Nemelex Xobeh
Okawaru
Qazlal
Ru
Sif Muna
Trog
Uskayaw
Vehumet
Wu Jian
Xom
Yredelemnul
Zin
The Shining One


Innate Abilities, Weirdness & Mutations

You have a pair of horns on your head.
You reflexively headbutt those who attack you in melee.
You are agile. (Dex +4, Str/Int -1)
Your mind is acute. (Int +4, Str/Dex -1)
Your natural rate of healing is unusually fast.
You are resistant to electric shocks. (rElec)


Message History

The nine-headed hydra bites you!
* * * LOW HITPOINT WARNING * * *
The nine-headed hydra bites you but does no damage.
The nine-headed hydra barely misses you.
You hack one of the nine-headed hydra's heads off!
The eight-headed hydra grows two more!
You slash the ten-headed hydra!
You feel better.
The ten-headed hydra is severely wounded.
The ten-headed hydra bites you but does no damage. x10
You hack one of the ten-headed hydra's heads off!
The nine-headed hydra grows two more!
You hit the 11-headed hydra.
You feel better.
You headbutt the 11-headed hydra, but do no damage.
The 11-headed hydra is heavily wounded.
The 11-headed hydra completely misses you.
You furiously retaliate!
You headbutt the 11-headed hydra!
The 11-headed hydra bites you but does no damage.
The 11-headed hydra barely misses you.
The 11-headed hydra bites you but does no damage. x5
The 11-headed hydra bites you.
* * * LOW HITPOINT WARNING * * *
The 11-headed hydra bites you.
* * * LOW HITPOINT WARNING * * *
The 11-headed hydra barely misses you.
You chop one of the 11-headed hydra's heads off!
The ten-headed hydra grows two more!
You slash the 12-headed hydra!
You feel better.
The 12-headed hydra is severely wounded.
The 12-headed hydra bites you but does no damage. x3
The 12-headed hydra bites you.
* * * LOW HITPOINT WARNING * * *
The 12-headed hydra bites you!
* * * LOW HITPOINT WARNING * * *
The 12-headed hydra closely misses you.
The 12-headed hydra bites you but does no damage. x2
The 12-headed hydra closely misses you. The 12-headed hydra bites you.
* * * LOW HITPOINT WARNING * * *
The 12-headed hydra bites you but does no damage.
The 12-headed hydra bites you!
You die...

##.#.....#.#####.#.#.##
......................#
#####.......###..#....##
#.##.#.....##..#####..##
...........##.......#..#
...........##......#..##
............#......#...#
...................##..#
.####D@....#.......#.##
#.#†...P#..........#
.........#####...#.#.
..........## ##.......#
......................##
.......................#
. .....................#
...$..................#
.............#


You could see a 12-headed hydra.

Vanquished Creatures
  Josephine (D:10)
  Erica (D:10)
  6 death yaks (Lair:2)
  Urug (D:10)
  Nergalle (D:10)
  A cyclops (D:10)
  3 black mambas (Lair:2)
  3 elephants (Lair:1)
  A torpor snail (Lair:2)
  2 cane toads (Lair:2)
  4 komodo dragons
  2 trolls
  Prince Ribbit (D:5)
  Sigmund (D:3)
  A shadow (D:10)
  A vampire (D:11)
  20 yaks
  A wyvern (D:9)
  4 wraiths (D:10)
  A basilisk (Lair:2)
  2 steam dragons
  Menkaure (D:6)
  5 nagas (Lair:2)
  6 water moccasins
  An orc warrior (D:8)
  3 black bears
  5 centaurs
  An ogre (D:5)
  5 wolves (Lair:1)
  A phantom (D:6)
  6 bullfrogs
  4 scorpions
  16 wights
  6 killer bees (D:11)
  6 howler monkeys
  2 hounds
  3 jellies
  5 orc priests
  A gnoll bouda (D:8)
  4 iguanas
  7 orc wizards
  8 gnolls
  10 adders
  2 white imps
  2 ufetubi
  2 worms (D:2)
  2 dart slugs
  22 orcs
  7 endoplasms
  4 giant cockroaches
  7 goblins
  8 hobgoblins
  7 jackals
  11 quokkas
  12 ball pythons
  6 bats
  6 frilled lizards
  9 kobolds
  5 rats
  A spectral hobgoblin (D:6)
  A bush (Lair:2)
278 creatures vanquished.

Vanquished Creatures (others)
  23 fungi
  126 plants
149 creatures vanquished.

Grand Total: 427 creatures vanquished

Notes
Turn   | Place    | Note
-------+----------+-------------------------------------------
     0 | D:1      | Heoruswealwe the Minotaur Fighter began the quest for the
                  | Orb.
     0 | D:1      | Reached XP level 1. HP: 19/19 MP: 0/0
    13 | D:1      | Noticed a minotaur skeleton
    84 | D:3      | Reached XP level 2. HP: 8/27 MP: 1/1
   649 | D:1      | Reached XP level 3. HP: 33/33 MP: 2/2
  1274 | D:1      | Gained mutation: You have a pair of large horns on your
                  | head. [potion of mutation]
  1274 | D:1      | Gained mutation: You are dopey. (Int -2) [potion of
                  | mutation]
  1274 | D:1      | Gained mutation: You sometimes lose your temper in combat.
                  | [potion of mutation]
  1275 | D:1      | Lost mutation: You have a pair of large horns on your head.
                  | [potion of mutation]
  1275 | D:1      | Lost mutation: You are dopey. (Int -2) [potion of mutation]
  1275 | D:1      | Gained mutation: You are agile. (Dex +4, Str/Int -1)
                  | [potion of mutation]
  1275 | D:1      | Gained mutation: Your mind is acute. (Int +4, Str/Dex -1)
                  | [potion of mutation]
  1300 | D:2      | Lost mutation: You sometimes lose your temper in combat.
                  | [potion of mutation]
  1300 | D:2      | Lost mutation: You are agile. (Dex +4, Str/Int -1) [potion
                  | of mutation]
  1300 | D:2      | Gained mutation: You are agile. (Dex +4, Str/Int -1)
                  | [potion of mutation]
  1300 | D:2      | Gained mutation: You are resistant to electric shocks.
                  | (rElec) [potion of mutation]
  1300 | D:2      | Gained mutation: Your natural rate of healing is unusually
                  | fast. [potion of mutation]
  1386 | D:2      | Reached skill level 3 in Polearms
  1398 | D:2      | Reached XP level 4. HP: 40/40 MP: 3/3
  1540 | D:2      | Reached skill level 5 in Armour
  1691 | D:2      | Found a faded altar of an unknown god.
  1740 | D:2      | Prayed at the altar of an unknown god.
  1740 | D:2      | Became a worshipper of Cheibriados the Contemplative
  1740 | D:2      | Reached * piety under Cheibriados
  2721 | D:3      | Reached ** piety under Cheibriados
  2804 | D:3      | Reached XP level 5. HP: 47/47 MP: 4/4
  2929 | D:4      | Found a staircase to the Ecumenical Temple.
  2946 | Temple   | Entered the Ecumenical Temple
  3311 | D:4      | Found a sacrificial altar of Ru.
  3551 | D:3      | Noticed Sigmund
  3558 | D:3      | Killed Sigmund
  3559 | D:3      | Reached skill level 4 in Polearms
  3559 | D:3      | Reached skill level 1 in Dodging
  3559 | D:3      | Reached XP level 6. HP: 41/53 MP: 5/5
  3690 | D:3      | Found a shimmering altar of Xom.
  4607 | D:5      | Entered Level 5 of the Dungeon
  4849 | D:4      | Reached skill level 1 in Stealth
  5024 | D:4      | Reached skill level 5 in Polearms
  5085 | D:4      | Identified a scroll of acquirement
  5085 | D:4      | Acquired the +11 crystal plate armour of Resourcefulness
                  | {*Corrode MP+9 Int+5}
  5167 | D:5      | Reached *** piety under Cheibriados
  5168 | D:5      | Reached skill level 5 in Fighting
  5199 | D:5      | Reached XP level 7. HP: 61/61 MP: 6/6
  5229 | D:5      | Found a sparkling altar of Nemelex Xobeh.
  5284 | D:6      | Reached skill level 6 in Polearms
  5296 | D:6      | Reached XP level 8. HP: 50/70 MP: 7/7
  5348 | D:5      | Reached **** piety under Cheibriados
  5809 | D:5      | Noticed Prince Ribbit
  5824 | D:5      | Killed Prince Ribbit
  5825 | D:5      | Reached skill level 7 in Polearms
  6106 | D:5      | Found a stormy altar of Qazlal.
  6123 | D:6      | Reached skill level 8 in Polearms
  6174 | D:5      | Found a basalt altar of Yredelemnul.
  6174 | D:5      | Found a radiant altar of Vehumet.
  6174 | D:5      | Found an ornate altar of the Wu Jian Council.
  6836 | D:6      | Reached skill level 9 in Polearms
  6891 | D:6      | Found a shadowy altar of Dithmenos.
  6916 | D:6      | Noticed Menkaure
  6922 | D:6      | Killed Menkaure
  6923 | D:6      | Reached XP level 9. HP: 78/78 MP: 8/8
  7007 | D:6      | Found a hazy altar of Hepliaklqana.
  7475 | D:9      | Reached skill level 1 in Invocations
  8961 | D:8      | You are sucked into a shaft and drop 1 floor!
  9046 | D:8      | Reached skill level 10 in Polearms
  9801 | D:4      | You are sucked into a shaft and drop 2 floors!
 10041 | D:9      | Found an ancient bone altar of Kikubaaqudgha.
 10115 | D:10     | Entered Level 10 of the Dungeon
 10126 | D:10     | Noticed a cyclops
 10136 | D:10     | Killed a cyclops
 10237 | D:10     | Reached skill level 10 in Armour
 10243 | D:10     | Reached skill level 11 in Polearms
 10246 | D:10     | Reached XP level 10. HP: 88/88 MP: 11/11
 10939 | D:9      | Reached ***** piety under Cheibriados
 11584 | D:10     | Noticed Josephine
 11594 | D:10     | Killed Josephine
 11595 | D:10     | Reached skill level 12 in Polearms
 11704 | D:11     | Reached skill level 5 in Invocations
 11711 | D:11     | HP: 1/90 [vampire (8)]
 11738 | D:10     | Noticed Nergalle
 11749 | D:10     | Killed Nergalle
 11750 | D:10     | Reached XP level 11. HP: 12/92 MP: 14/14
 11790 | D:10     | Noticed Urug
 11798 | D:10     | Killed Urug
 11799 | D:10     | Reached skill level 13 in Polearms
 11833 | D:10     | Found a staircase to the Lair.
 11943 | Lair:1   | Entered Level 1 of the Lair of Beasts
 12225 | Lair:1   | You are sucked into a shaft and drop 1 floor!
 12324 | Lair:2   | Found a staircase to the Snake Pit.
 12361 | Lair:2   | Noticed a death yak
 12361 | Lair:2   | Noticed a death yak
 12361 | Lair:2   | Noticed a death yak
 12361 | Lair:2   | Noticed a death yak
 12361 | Lair:2   | Noticed a death yak
 12368 | Lair:2   | Noticed a death yak
 12371 | Lair:2   | Killed a death yak
 12372 | Lair:2   | Reached skill level 14 in Polearms
 12378 | Lair:2   | Killed a death yak
 12389 | Lair:2   | Killed a death yak
 12973 | D:10     | Noticed Erica
 12981 | D:10     | Killed Erica
 13026 | D:10     | Reached XP level 12. HP: 106/106 MP: 16/16
 13337 | Lair:1   | Reached skill level 15 in Polearms
 14191 | Lair:2   | Killed a death yak
 14192 | Lair:2   | Reached skill level 10 in Fighting
 14201 | Lair:2   | Killed a death yak
 14220 | Lair:2   | Killed a death yak
 14329 | Lair:2   | Noticed a six-headed hydra
 14363 | Lair:2   | HP: 3/106 [nine-headed hydra (4)]
 14369 | Lair:2   | Slain by a 12-headed hydra

Illustrated notes

Levels and vault maps discovered:
D:1:      shiori_arrival_whats_in_store_for_you, layout_loops_corners
D:2:      minmay_angry_zag, layout_basic, shapermc_ecumenical_altar_hornbeckon,
          serial_bayou_lagoon_a
D:3:      layout_basic, mainiacjoe_overflow_24_doors, gup_sewer_entry_spiral,
          uniq_sigmund
D:4:      layout_basic, old_standard_altar, minmay_temple_entry_gardened_gates
D:5:      layout_basic, nemelex_xobeh_ov_fountains_minmay, minitemple,
          serial_glass, glass_columns_a, glass_columns_a, abandoned_shop,
          uniq_prince_ribbit1
D:6:      layout_rooms, nicolae_hepliaklqana_monster_ancestors,
          lemuel_round_altar, uniq_menkaure
D:7:      layout_loops_corners
D:8:      layout_layer_cave
D:9:      layout_roguey, mainiacjoe_overflow_small_starburst
D:10:     layout_loops_corners, dpeg_oklobed_lair, uniq_urug, uniq_nergalle,
          uniq_josephine, uniq_erica
D:11:     layout_irregular_city, erik_orc_4, uniq_erolcha
Temple:   hc_temple_tempest_star
Lair:1:   layout_chaotic_city, lemuel_fruit_tree
Lair:2:   layout_regular_city, minmay_snake_entry_guardpost_medium

Skill      XL: |  1  2  3  4  5  6  7  8  9 10 11 12 |
---------------+-------------------------------------+-----
Armour         | 4 5 6 7 8 10 11 12 13 | 13.6
Fighting       | 4 5 6 7 8 9 10 | 10.2
Shields        | 4 |  4.5
Polearms       | 3 4 5 6 9 11 12 14 15 | 15.7
Dodging        | 1 2 |  2.5
Stealth        | 1 |  1.8
Invocations    | 3 5 7 |  7.7
Evocations     | |  0.8

Action                   |  1- 3 |  4- 6 |  7- 9 | 10-12 || total
-------------------------+-------+-------+-------+-------++-------
Melee: Trident           |    97 |   406 |       |       ||   503
       Headbutt          |    17 |    95 |    46 |   203 ||   361
       Halberd           |       |    25 |   159 |       ||   184
       Glaive            |       |       |    23 |   577 ||   600
Invok: Bend Time         |       |       |     9 |     1 ||    10
       Slouch            |       |       |     1 |     1 ||     2
Evoke: Wand              |       |       |       |     2 ||     2
  Use: Scroll            |     6 |     5 |     8 |    11 ||    30
       Potion            |     4 |     6 |     7 |     4 ||    21
Armor: Scale mail        |    47 |    43 |       |       ||    90
       Crystal plate arm |       |     6 |   241 |   676 ||   923
Dodge: Dodged            |    31 |    62 |    94 |   234 ||   421
Block: Buckler           |    19 |    19 |       |       ||    38
